 Dungeon Crawl Stone Soup version 0.18.1-5-g4a78601 (webtiles) character file.

714 tyrsky the Digger (level 7, -4/36 HPs)
             Began as a Gargoyle Earth Elementalist on May 14, 2016.
             Slain by a worker ant (6 damage)
             ... on level 5 of the Dungeon.
             The game lasted 00:16:10 (5389 turns).

tyrsky the Digger (Gargoyle Earth Elementalist)     Turns: 5389, Time: 00:16:11

Health: -4/36      AC:  7    Str: 14    XL:     7   Next: 69%
Magic:  6/15       EV: 12    Int: 17    God:
Gold:   240        SH:  0    Dex: 10    Spells: 3 memorised, 8 levels left

rFire  . . .     SeeInvis +     k - +0 whip (holy)
rCold  . . .     Gourm    .     a - +0 robe
rNeg   + . .     Faith    .     (no shield)
rPois  ∞         Spirit   .     n - +0 helmet
rElec  +         Dismiss  .     (no cloak)
rCorr  .         Reflect  .     (no gloves)
SustAt .         Harm     .     (no boots)
MR     .....                    (no amulet)
Stlth  ++........               q - ring of see invisible
                                l - +2 ring of strength

@: hasted, very quick, not resistant to hostile enchantments, unstealthy
A: negative energy resistance 1, electricity resistance, unbreathing,
petrification resistance, rot immunity, AC +4
a: no special abilities


You were on level 5 of the Dungeon.
You were hungry.

You visited 1 branch of the dungeon, and saw 5 of its levels.

You collected 240 gold pieces.

Inventory:

Hand Weapons
 i - a +0 whip
 k - a +0 whip of holy wrath (weapon)
Missiles
 b - 172 stones (quivered)
Armour
 a - a +0 robe (worn)
 n - a +0 helmet (worn)
Jewellery
 l - a +2 ring of strength (left hand)
 q - a ring of see invisible (right hand)
 x - a +1 ring of slaying {unknown}
Scrolls
 e - 3 scrolls of identify {unknown}
 t - a scroll of remove curse {unknown}
 u - 2 scrolls of fear {unknown}
 y - a scroll of teleportation {unknown}
Potions
 g - a potion of flight {unknown}
 h - a potion of cure mutation {unknown}
 j - a potion of agility {unknown}
 m - a potion of lignification {unknown}
 o - a potion of beneficial mutation {unknown}
 p - a potion of heal wounds {unknown}
 r - a potion of curing {unknown}
 z - a potion of berserk rage {unknown}
Books
 c - a book of Geomancy

   Spells                             Type                      Level
   a - Sandblast                      Earth                        1
   b - Passwall                       Transmutation/Earth          2
   c - Stone Arrow                    Conjuration/Earth            3
   d - Petrify                        Transmutation/Earth          4
   e - Lee's Rapid Deconstruction     Earth                        5
Comestibles
 d - 3 bread rations
 s - a slice of pizza
 v - 4 fruits
 w - a beef jerky


   Skills:
 - Level 1.5 Dodging
 - Level 2.1 Stealth
 * Level 5.7 Spellcasting
 + Level 3.9 Conjurations
   Level 0.7 Transmutations
 + Level 6.1 Earth Magic


You had 8 spell levels left.
You knew the following spells:

 Your Spells              Type           Power        Failure   Level  Hunger
a - Sandblast             Erth           ####..       1%          1    None
b - Stone Arrow           Conj/Erth      ###...       8%          3    ##.....
c - Lee's Rapid Deconstr  Erth           ####......   30%         5    ######.


Dungeon Overview and Level Annotations

Branches:
Dungeon (5/15)
 Temple: D:4-7

Altars:
Okawaru
Pakellas
Ru
Trog
The Shining One

Shops:
D:4 (

Annotations:
D:3 Sigmund


Innate Abilities, Weirdness & Mutations

You are resistant to torment.
Your stone body is resilient (AC +4).
You are immune to poison.
You resist negative energy.
You are resistant to electric shocks.
You can survive without breathing.
You are immune to petrification.
You are immune to rotting.


Message History

Aiming: Sandblast
Press: ? - help, Shift-Dir - straight line, f/p - centaur
Aim: a centaur (severely wounded)
The blast of sand misses the centaur.
The worker ant closely misses you. The centaur barely misses you.
Casting: Sandblast
Confirm with . or Enter, or press ? or * to list all spells.
Aiming: Sandblast
Press: ? - help, Shift-Dir - straight line, f/p - centaur
Aim: a centaur (severely wounded)
The blast of sand hits the centaur.
The centaur is severely wounded.
The centaur barely misses you. The worker ant bites you.
* * * LOW HITPOINT WARNING * * *
The centaur closely misses you. The worker ant misses you.
Drink which item? (? for menu, Esc to quit)
It was a potion of haste.
You feel yourself speed up. The centaur hits you.
* * * LOW HITPOINT WARNING * * *
The worker ant bites you.
You die...

########
#.(....#
#......#
#......# .
#......# ...
#####......#....
.........c......
########
#..[.9as#
.......#
#..?#####
.......# #...#
.......#####...#
...............#
.......#####...#
......<# ....#
.#...### ###..#
.#.#...###≈≈####


You could see a centaur, a worker ant and a giant cockroach.

Vanquished Creatures
  A crimson imp (D:5)
  2 hounds (D:5)
  4 orc priests
  A giant frog skeleton (D:5)
  4 orc wizards (D:4)
  Jessica (D:3)
  An iguana (D:4)
  4 worker ants
  Robin (D:4)
  4 gnolls (D:5)
  4 adders
  An ooze (D:5)
  An adder skeleton (D:5)
  3 dart slugs
  A worm (D:3)
  A giant gecko (D:4)
  28 orcs
  4 bats
  A giant cockroach (D:3)
  5 hobgoblins
  2 jackals (D:1)
  9 kobolds
  A quokka (D:2)
  A ball python skeleton (D:5)
  2 giant newts
  14 goblins
  4 rats
105 creatures vanquished.

Notes
Turn   | Place    | Note
--------------------------------------------------------------
     0 | D:1      | tyrsky the Gargoyle Earth Elementalist began the quest for the Orb.
     0 | D:1      | Reached XP level 1. HP: 10/10 MP: 3/3
   123 | D:1      | Reached XP level 2. HP: 8/15 MP: 0/5
   474 | D:1      | Reached skill level 4 in Earth Magic
   810 | D:2      | Reached XP level 3. HP: 19/19 MP: 4/7
  1273 | D:3      | Noticed Jessica
  1315 | D:3      | Killed Jessica
  1315 | D:3      | Reached XP level 4. HP: 20/24 MP: 2/9
  1340 | D:3      | Found a sacrificial altar of Ru.
  1342 | D:3      | Noticed Sigmund
  1399 | D:3      | Learned a level 3 spell: Stone Arrow
  1472 | D:3      | Noticed Robin
  1616 | D:4      | Killed Robin
  1616 | D:4      | Reached skill level 1 in Conjurations
  1714 | D:3      | Reached XP level 5. HP: 13/28 MP: 1/10
  2415 | D:3      | Found a glowing golden altar of the Shining One.
  2519 | D:3      | Learned a level 5 spell: Lee's Rapid Deconstruction
  2849 | D:4      | HP: 1/28 [orc/falchion (3)]
  3184 | D:4      | Reached skill level 5 in Earth Magic
  3184 | D:4      | Reached XP level 6. HP: 22/32 MP: 2/12
  3421 | D:4      | Found an oddly glowing altar of Pakellas.
  3660 | D:4      | Found Tedumad's Weapon Shoppe.
  4217 | D:4      | Reached skill level 5 in Spellcasting
  4558 | D:4      | Reached XP level 7. HP: 27/36 MP: 9/14
  4661 | D:5      | Entered Level 5 of the Dungeon
  5060 | D:5      | Reached skill level 6 in Earth Magic
  5291 | D:5      | Found a bloodstained altar of Trog.
  5292 | D:5      | Found an iron altar of Okawaru.
  5389 | D:5      | Slain by a worker ant

Skill      XL: |  1  2  3  4  5  6  7 |
---------------+----------------------+-----
Earth Magic    | 4 5 6 |  6.1
Spellcasting   | 3 4 5 |  5.7
Conjurations   | 1 2 3 |  3.9
Dodging        | |  1.5
Stealth        | |  2.1
Transmutations | |  0.7

Action                   |  1- 3 |  4- 6 |  7- 9 || total
-------------------------+-------+-------+-------++-------
Melee: Unarmed           |    22 |       |       ||    22
       Whip              |     4 |    63 |    26 ||    93
 Cast: Sandblast         |    50 |   177 |    62 ||   289
       Stone Arrow       |       |     1 |     7 ||     8
  Use: Potion            |       |       |     1 ||     1
  Eat: Chunk             |       |     6 |     3 ||     9
       Meat ration       |       |     1 |       ||     1
Armor: Robe              |    26 |    55 |    21 ||   102
Dodge: Dodged            |    42 |    94 |    59 ||   195
